 Dungeon Crawl Stone Soup version 0.30-a0-989-g0d87f670db (webtiles) character file.

Game seed: 1498287674287183059

133 jtron the Chopper (level 4, -2/40 HPs)
             Began as a Draconian Monk on Apr 3, 2023.
             Was an Initiate of Yredelemnul.
             Splashed by a jelly's acid (9 damage)
             ... on level 3 of the Dungeon.
             The game lasted 00:05:17 (2109 turns).

jtron the Chopper (Draconian Monk)                  Turns: 2109, Time: 00:05:19

Health: -2/40      AC: -7    Str: 20    XL:     4   Next: 93%
Magic:  4/4        EV: 12    Int: 12    God:    Yredelemnul [......]
Gold:   105        SH:  0    Dex: 13    Spells: 3/3 levels left

rFire   . . .      SeeInvis .    a - +0 hand axe
rCold   . . .      Faith    .    (no shield)
rNeg    . . .      Spirit   .    (body armour unavailable)
rPois   .          Reflect  .    (helmet restricted)
rElec   .          Rampage  .    (no cloak)
rCorr   .                        (no gloves)
Will    .....                    (no boots)
Stlth   ++                       (no amulet)
HPRegen 0.26/turn                h - +6 ring of strength
MPRegen 0.09/turn                (no ring)

@: corroded, flying
A: AC +5, unfitting armour, cold-blooded
a: Renounce Religion, Recall Undead Harvest


You were on level 3 of the Dungeon.
You worshipped Yredelemnul.
Yredelemnul was noncommittal.
You visited 1 branch of the dungeon, and saw 4 of its levels.

You collected 105 gold pieces.

Inventory:

Hand Weapons
 a - a +0 hand axe (weapon)
 b - a +0 sling
 s - a +0 broad axe
Missiles
 i - 25 stones
Jewellery
 h - a +6 ring of strength (left hand)
Wands
 n - a wand of flame (2)
Scrolls
 c - 2 scrolls of fog {unknown}
 d - a scroll of magic mapping {unknown}
 j - 2 scrolls of identify {unknown}
 k - 3 scrolls of teleportation {unknown}
 l - a scroll of enchant armour {unknown}
 m - a scroll of blinking {unknown}
 q - a scroll of noise {unknown}
 t - a scroll of torment {unknown}
Potions
 e - a potion of invisibility {unknown}
 g - a potion of ambrosia
 o - a potion of magic {unknown}
 p - a potion of heal wounds {unknown}
 r - a potion of curing {unknown}


   Skills:
 + Level 4.1 Fighting
 + Level 4.2 Axes
 + Level 1.4 Ranged Weapons
 + Level 3.0 Dodging
 + Level 2.3 Stealth


You had 3 spell levels left.
You didn't know any spells.
Your spell library contained the following spells:

 Spells                   Type           Power      Damage    Failure   Level
 Sandblast                Erth           0%         2d4       32%         1
 Slow                     Hex            0%         N/A       32%         1
 Ensorcelled Hibernation  Hex/Ice        0%         N/A       45%         2
 Passwall                 Tmut/Erth      0%         N/A       45%         2
 Confusing Touch          Hex            0%         N/A       69%         3
 Spider Form              Tmut/Pois      0%         N/A       69%         3
 Stone Arrow              Conj/Erth      0%         3d7       69%         3
 Tukima's Dance           Hex            0%         N/A       69%         3
 Vampiric Draining        Necr           0%         2d6       69%         3
 Anguish                  Hex/Necr       0%         N/A       97%         4
 Passage of Golubria      Tloc           0%         N/A       97%         4
 Yara's Violent Unravell  Hex/Tmut       0%         3d3       100%        5


Dungeon Overview and Level Annotations

Branches:
Dungeon (4/15)
 Temple: D:4-7

Altars:
Yredelemnul

Annotations:
D:3 Eustachio


Innate Abilities, Weirdness & Mutations

Your plain brown scales are hard. (AC +5)
You cannot fit into any form of body armour.
You are cold-blooded and may be slowed by cold attacks.


Message History

The jelly is moderately wounded.
Eustachio gestures wildly while chanting.
Eustachio blinks!
Aiming: Throw Flame
Press: ? - help, Shift-Dir - straight line, p - jelly
There is a stone staircase leading up here.
Aiming: Throw Flame
Press: ? - help, Shift-Dir - straight line, f - Eustachio
Aim: Eustachio, wielding a +0 rapier and wearing a +0 leather armour (56% to hit)
The puff of flame misses Eustachio.
The puff of flame hits the jelly!
The jelly is severely wounded.
You closely miss Eustachio. Your punch misses Eustachio.
Eustachio barely misses you. Eustachio hits you but does no damage.
The jelly hits you. The acid corrodes you!
You are splashed with acid!
You climb upwards.
There is a stone staircase leading down here.
The jelly hits you. The acid corrodes you!
You are splashed with acid!
It was a potion of flight.
You feel very buoyant.
You fly up into the air.
The jelly barely misses you.
You hit the jelly but do no damage. The acid corrodes you!
Your hands burn!
The jelly is severely wounded.
The jelly hits you.
You are splashed with acid!
* * * LOW HITPOINT WARNING * * *
The jelly barely misses you.
Eustachio says, "My allies will avenge me."
You hit the jelly but do no damage.
Your hands burn!
* * * LOW HITPOINT WARNING * * *
The jelly is heavily wounded.
The jelly misses you.
Eustachio screams, "Hey, you killed my favourite bat!"
You hit the jelly but do no damage.
Your hands burn!
* * * LOW HITPOINT WARNING * * *
The jelly is heavily wounded.
The jelly hits you.
* * * LOW HITPOINT WARNING * * *
The acid corrodes you!
You are splashed with acid!
You die...
Your body rises from the dead as a mindless zombie.

#...........#<##.######......#
#...........#.##Z#...........#
#...........#.##Z#.####.....##
#...........#.##.#.........>##
#...........#..Z........).....
###########....#Z#####W.....##
#....#.##ZZ..ZZ...##
#.####.##.####.###..
#########@J@.......Z.Z......
#.........######.#########Z.
#.......)...........# ####..
#..........<........# #...Z.
#...............##..# #.ZZZ#
######..........##..# #Z.ZZ#
#..............# #....#
#..............# #....#
#......Z...##### #....#


You could see Eustachio and a jelly.

Vanquished Creatures
  An orc priest (D:3)
  2 adders (D:2)
  A worm (D:2)
  A dart slug (D:2)
  4 orcs (D:3)
  2 ball pythons (D:1)
  5 endoplasms
  2 giant cockroaches
  9 hobgoblins
  7 jackals
  7 kobolds
  A quokka (D:2)
  11 bats
  3 frilled lizards
  3 goblins (D:3)
  5 rats
64 creatures vanquished.

Vanquished Creatures (collateral kills)
  2 orcs (D:3)
  A giant cockroach (D:3)
  A goblin (D:3)
  A jackal (D:3)
  A frilled lizard (D:2)
  A kobold (D:3)
  A rat (D:3)
8 creatures vanquished.

Vanquished Creatures (others)
  A bat zombie (D:2)
  A giant cockroach zombie (D:3)
  A hobgoblin zombie (D:3)
  A jackal zombie (D:3)
  A rat zombie (D:3)
5 creatures vanquished.

Grand Total: 77 creatures vanquished

Notes
Turn   | Place    | Note
-------+----------+-------------------------------------------
     0 | D:1      | jtron the Draconian Monk began the quest for the Orb.
     0 | D:1      | Reached XP level 1. HP: 19/19 MP: 1/1
   162 | D:1      | Reached XP level 2. HP: 15/26 MP: 2/2
   691 | D:2      | Reached XP level 3. HP: 33/33 MP: 3/3
   838 | D:2      | Found a basalt altar of Yredelemnul.
   906 | D:2      | Became a worshipper of Yredelemnul the Dark
   906 | D:2      | Reached * piety under Yredelemnul
   906 | D:2      | Reached ** piety under Yredelemnul
  1024 | D:2      | Reached skill level 1 in Ranged Weapons
  1215 | D:2      | Reached XP level 4. HP: 37/40 MP: 4/4
  1229 | D:2      | You fall into a shaft and drop 2 floors!
  2093 | D:4      | Noticed Eustachio
  2109 | D:3      | Splashed by a jelly's acid

Illustrated notes

Levels and vault maps discovered:
D:1:      wander_arrival_lonely_grave, layout_rooms, serial_aquarium,
          aquarium_bridge_straight [aquarium_subvault_bridge,
          aquarium_subvault_wall, aquarium_subvault_bridge,
          aquarium_subvault_wall], aquarium_window_fake,
          aquarium_window_corridor_2, aquarium_window_fake, aquarium_window_2,
          aquarium_view_2d, aquarium_pool_side, kennysheep_nondescript,
          st_stairs_4
D:2:      layout_basic, basic_altar
D:3:      layout_basic
D:4:      layout_layer_cave, kennysheep_mini, minmay_temple_entry_steel_oval,
          uniq_menkaure, uniq_eustachio

Skill      XL: |  1  2  3  4 |
---------------+-------------+-----
Stealth        | 2 |  2.3
Ranged Weapons | 1 |  1.4
Fighting       | 4 |  4.1
Axes           | 4 |  4.2
Dodging        | 3 |  3.0

Action                     |  1- 3 |  4- 6 || total
---------------------------+-------+-------++-------
  Melee: Hand axe          |    92 |    30 ||   122
         Tailslap          |     6 |     8 ||    14
         Broad axe         |       |    28 ||    28
   Fire: Sling             |    39 |     2 ||    41
  Throw: Stone             |     4 |       ||     4
 Invoke: Recall Undead Har |       |     2 ||     2
         Dark Bargain      |       |     1 ||     1
  Evoke: Wand              |       |     4 ||     4
    Use: Potion            |       |     2 ||     2
   Stab: Sleeping          |     3 |     2 ||     5
 Armour: Skin              |    33 |    24 ||    57
  Dodge: Dodged            |    69 |    54 ||   123

Table legend: (Time is in decaauts)
 A = Elapsed time spent in this place.
 B = Non-inter-level travel time spent in this place.
 C = Inter-level travel time spent in this place.
 D = Time resting spent in this place.
 E = Time spent auto-exploring this place.
 F = Levels seen in this place.
 G = Mean time per level.
                   A        B        C        D        E       F      G
               +--------+--------+--------+--------+--------+-----+--------+
         Total |   2152 |   2115 |     37 |    131 |   1459 |   4 |  538.0 |
       Dungeon |   2152 |   2115 |     37 |    131 |   1459 |   4 |  538.0 |
               +--------+--------+--------+--------+--------+-----+--------+

Top non-repeatable levels by time:
     D:3: 850 daAuts
     D:1: 682 daAuts
     D:2: 577 daAuts
     D:4: 41 daAuts
